[Event "31st Kavala Open-A 2022"]
[Site "Kavala"]
[Date "2022.08.02"]
[Round "9.8"]
[White "Zawadzka, Jolanta"]
[Black "Rahmanidis, Petros"]
[Result "1-0"]
[ECO "B62"]
[WhiteElo "2416"]
[BlackElo "2191"]
[Annotator "RC"]
[PlyCount "83"]
[EventDate "2022.07.27"]
[EventType "swiss"]
[EventCountry "GRE"]
[SourceTitle "playchess.com"]
[Source "ChessBase"]
[SourceQuality "1"]
[TimeControl "40/5400+30:1800+30"]

1. e4 c5 2. Nf3 d6 3. d4 cxd4 4. Nxd4 Nf6 5. Nc3 Nc6 6. Bg5 e6 7. Qd3 Bd7 8. Ndb5 Nb4 9. Qd1 Qb8 10. Bxf6 gxf6 11. Be2 a6 12. Nd4 Nc6 13. O-O Qa7 14. Nb3 Be7 15. Kh1 Rg8 16. a4 b6 17. f4 Rg7 18. Bf3 Rc8 19. Ne2 Qc7 20. c3 Nd8 21. Ng3 Rg8 22. Nd4 Nb7 23. Qe2 Qc4 24. Qf2 Qc7 25. Bh5 Kf8 26. Bd1 Na5 27. Be2 Ra8 28. Qf3 Bc8 29. Qh5 Kg7 30. Bd3 Bb7 31. Rf3 Nc6 32. Nge2 Nxd4 33. Nxd4 Rh8 34. Rg3+ Kf8 35. f5 Qc5 36. Qh6+ Ke8 37. fxe6 fxe6 38. Nxe6 Qc8 39. Qh5+ Kd7 40. Qf5 Rg8 41. Rxg8 Qxg8 42. Nc5+ 1-0

[Event "31st Kavala Open-A 2022"]
[Site "Kavala"]
[Date "2022.08.02"]
[Round "9.9"]
[White "Ladopoulos, Dimitrios"]
[Black "Kanakaris, Georgios"]
[Result "1/2-1/2"]
[ECO "D77"]
[WhiteElo "2335"]
[BlackElo "2389"]
[Annotator "RC"]
[PlyCount "92"]
[EventDate "2022.07.27"]
[EventType "swiss"]
[EventCountry "GRE"]
[SourceTitle "playchess.com"]
[Source "ChessBase"]
[SourceQuality "1"]
[TimeControl "40/5400+30:1800+30"]

1. Nf3 Nf6 2. d4 g6 3. g3 Bg7 4. Bg2 O-O 5. O-O d5 6. c4 dxc4 7. Na3 Nc6 8. Nxc4 Be6 9. b3 Bd5 10. Bb2 a5 11. Rc1 a4 12. bxa4 Ra6 13. a3 Qa8 14. Ne3 Be4 15. Ne5 Bxg2 16. Nxg2 Rxa4 17. Nxc6 bxc6 18. Qc2 Rb8 19. Ne1 Ne8 20. Nd3 Bxd4 21. Bxd4 Rxd4 22. Nb4 Rb6 23. Nxc6 Rd6 24. Ne5 Re6 25. Nc4 Ra6 26. Qb2 Qe4 27. Rfd1 Ra8 28. Ne3 Rb6 29. Qc3 Rba6 30. Ra1 Rc6 31. Qb2 Nd6 32. Rd3 Rb6 33. Qc3 c6 34. f3 Qe6 35. Ng4 h5 36. Re3 Qd5 37. Ne5 Nb5 38. Qd3 Kg7 39. Qxd5 cxd5 40. Rb1 Raa6 41. Nd7 Rd6 42. Rxe7 Nxa3 43. Rb7 Re6 44. Nc5 Rxe7 45. Rxe7 Rc6 46. Nd3 Re6 1/2-1/2

[Event "31st Kavala Open-A 2022"]
[Site "Kavala"]
[Date "2022.08.02"]
[Round "9.10"]
[White "Levin, Guy"]
[Black "Trimitzios, Petros"]
[Result "0-1"]
[ECO "A15"]
[WhiteElo "2363"]
[BlackElo "2369"]
[Annotator "RC"]
[PlyCount "138"]
[EventDate "2022.07.27"]
[EventType "swiss"]
[EventCountry "GRE"]
[SourceTitle "playchess.com"]
[Source "ChessBase"]
[SourceQuality "1"]
[TimeControl "40/5400+30:1800+30"]

1. c4 Nf6 2. Nf3 c6 3. b3 d6 4. Bb2 e5 5. d3 g6 6. g3 Bg7 7. Bg2 O-O 8. O-O Nbd7 9. Nbd2 Re8 10. Qc2 b6 11. Ne4 Nxe4 12. dxe4 Nc5 13. Rfd1 Qe7 14. b4 Ne6 15. e3 Bb7 16. a4 a5 17. c5 bxc5 18. bxa5 Rxa5 19. Qd2 Rea8 20. Qxd6 Qxd6 21. Rxd6 Rxa4 22. Rad1 Bf8 23. Rxe6 fxe6 24. Bh3 Re8 25. Rd7 Rb4 26. Bxe5 Ba6 27. Kg2 Rb7 28. Rd1 Be2 29. Rc1 Bxf3+ 30. Kxf3 Rd7 31. Ke2 Kf7 32. f4 Ra8 33. Rc2 Ra3 34. Bc3 Rda7 35. f5 exf5 36. exf5 Ra2 37. fxg6+ hxg6 38. Rxa2 Rxa2+ 39. Kd3 Rxh2 40. Bd7 Bg7 41. Be1 Ke7 42. Bxc6 Kd6 43. Be4 g5 44. g4 Be5 45. Ba5 Bf6 46. Bf5 Ra2 47. Be1 Ra3+ 48. Ke2 Kd5 49. e4+ Kd6 50. Bd2 Ke5 51. Bc1 Rb3 52. Kd2 Kd6 53. Kc2 Rc3+ 54. Kd1 Rg3 55. e5+ Bxe5 56. Bxg5 c4 57. Ke2 Kc5 58. Be3+ Bd4 59. Bc1 Rg1 60. Bd2 Rg2+ 61. Kd1 c3 62. Bf4 Kb4 63. Kc1 Bc5 64. Bg5 Ka3 65. Bf4 Ka2 66. Kd1 Kb3 67. Be6+ Kb2 68. Bc1+ Kb1 69. Bf5+ c2+ 0-1

[Event "31st Kavala Open-A 2022"]
[Site "Kavala"]
[Date "2022.08.02"]
[Round "9.11"]
[White "Maksimovic, Branimir"]
[Black "Santiago, Yago De Moura"]
[Result "0-1"]
[ECO "C11"]
[WhiteElo "2203"]
[BlackElo "2513"]
[Annotator "RC"]
[PlyCount "92"]
[EventDate "2022.07.27"]
[EventType "swiss"]
[EventCountry "GRE"]
[SourceTitle "playchess.com"]
[Source "ChessBase"]
[SourceQuality "1"]
[TimeControl "40/5400+30:1800+30"]

1. Nc3 e6 2. e4 d5 3. d4 a6 4. Nf3 Nf6 5. e5 Nfd7 6. Ne2 c5 7. c3 b5 8. Nf4 Qb6 9. Bd3 Be7 10. h4 h6 11. Be3 b4 12. Nd2 c4 13. Bc2 bxc3 14. bxc3 Qb2 15. Ne2 Qa3 16. h5 Qa5 17. Rh3 Nc6 18. Rg3 Bf8 19. Nf1 Rb8 20. Bc1 Na7 21. a4 Nc6 22. f4 Qd8 23. Rh3 Be7 24. Ba3 Bxa3 25. Rxa3 Qe7 26. Ra2 O-O 27. g4 f6 28. Nh2 fxe5 29. dxe5 Nc5 30. Qd2 Nd3+ 31. Bxd3 cxd3 32. Qxd3 d4 33. g5 dxc3 34. gxh6 Nb4 35. Qe4 Qb7 36. Qg6 Nxa2 37. hxg7 Qxg7 38. Qe4 Bb7 39. Qc2 Nb4 40. Qxc3 Nd5 41. Qd4 Kh8 42. Rg3 Qe7 43. Nf3 Qb4+ 44. Qxb4 Nxb4 45. Ng5 Bd5 46. h6 Nc6 0-1

[Event "31st Kavala Open-A 2022"]
[Site "Kavala"]
[Date "2022.08.02"]
[Round "9.12"]
[White "Maltsevskaya, Aleksandra"]
[Black "Markidis, Konstantinos"]
[Result "1-0"]
[ECO "C12"]
[WhiteElo "2378"]
[BlackElo "2259"]
[Annotator "RC"]
[PlyCount "67"]
[EventDate "2022.07.27"]
[EventType "swiss"]
[EventCountry "GRE"]
[SourceTitle "playchess.com"]
[Source "ChessBase"]
[SourceQuality "1"]
[TimeControl "40/5400+30:1800+30"]

1. e4 e6 2. d4 d5 3. Nc3 Nf6 4. Bg5 Bb4 5. e5 h6 6. Bc1 Ne4 7. Qg4 Kf8 8. Bd3 Nxc3 9. Bd2 b6 10. bxc3 Be7 11. h4 Ba6 12. Ne2 Bxd3 13. cxd3 h5 14. Qf3 Ke8 15. Nf4 g6 16. Ke2 c5 17. g4 hxg4 18. Qxg4 Nc6 19. Be3 cxd4 20. cxd4 Rc8 21. Rac1 Qd7 22. h5 g5 23. Nh3 Nb4 24. Nxg5 Rxc1 25. Rxc1 Qb5 26. Rc8+ Kd7 27. Rxh8 Qxd3+ 28. Kf3 Qd1+ 29. Kg3 Qg1+ 30. Kh4 Qh1+ 31. Qh3 Qe4+ 32. Kg3 Bxg5 33. Bxg5 Nd3 34. Rf8 1-0

[Event "31st Kavala Open-A 2022"]
[Site "Kavala"]
[Date "2022.08.02"]
[Round "9.13"]
[White "Tarhan, Adar"]
[Black "Celik, Hasan Huseyin"]
[Result "1/2-1/2"]
[ECO "C07"]
[WhiteElo "2201"]
[BlackElo "2363"]
[Annotator "RC"]
[PlyCount "64"]
[EventDate "2022.07.27"]
[EventType "swiss"]
[EventCountry "GRE"]
[SourceTitle "playchess.com"]
[Source "ChessBase"]
[SourceQuality "1"]
[TimeControl "40/5400+30:1800+30"]

1. e4 e6 2. d4 d5 3. Nd2 c5 4. Ngf3 cxd4 5. exd5 Qxd5 6. Bc4 Qd6 7. O-O Nf6 8. Nb3 Nc6 9. Nbxd4 Nxd4 10. Nxd4 a6 11. c3 Be7 12. Qf3 O-O 13. Bb3 Qc7 14. Bf4 e5 15. Bg3 Bg4 16. Qd3 Rad8 17. Rfe1 Bd6 18. Nf5 Bxf5 19. Qxf5 e4 20. Rad1 Bxg3 21. hxg3 Rxd1 22. Rxd1 e3 23. fxe3 Qxg3 24. Qf4 Qg6 25. Qf3 Qg5 26. Rd3 b5 27. Qf4 Qg6 28. Bc2 Re8 29. Rd2 Qh5 30. Bf5 g6 31. Rd6 gxf5 32. Rxf6 Qd1+ 1/2-1/2

[Event "31st Kavala Open-A 2022"]
[Site "Kavala"]
[Date "2022.08.02"]
[Round "9.14"]
[White "Koutlas, Nikolaos"]
[Black "Stefanou, Dimitrios"]
[Result "1/2-1/2"]
[ECO "C94"]
[WhiteElo "2314"]
[BlackElo "2184"]
[Annotator "RC"]
[PlyCount "76"]
[EventDate "2022.07.27"]
[EventType "swiss"]
[EventCountry "GRE"]
[SourceTitle "playchess.com"]
[Source "ChessBase"]
[SourceQuality "1"]
[TimeControl "40/5400+30:1800+30"]

1. e4 e5 2. Nf3 Nc6 3. Bb5 a6 4. Ba4 Nf6 5. O-O Be7 6. Re1 b5 7. Bb3 d6 8. c3 O-O 9. h3 Nb8 10. d3 Nbd7 11. Nbd2 Bb7 12. Nf1 Nc5 13. Bc2 Re8 14. Ng3 Bf8 15. Nf5 d5 16. exd5 Qxd5 17. Bg5 e4 18. dxe4 Qxd1 19. Raxd1 Bxe4 20. Bxe4 Nfxe4 21. Bf4 Na4 22. Be5 f6 23. Rxe4 fxe5 24. Nxe5 g6 25. Ng3 Bd6 26. Nd3 Bxg3 27. Rxe8+ Rxe8 28. fxg3 Re2 29. Kf1 Rc2 30. a3 c5 31. b3 Nxc3 32. Re1 c4 33. bxc4 bxc4 34. Nb4 Rb2 35. Nxa6 Nd5 36. Nb4 Nxb4 37. axb4 Rxb4 38. Re4 Kf7 1/2-1/2

[Event "31st Kavala Open-A 2022"]
[Site "Kavala"]
[Date "2022.08.02"]
[Round "9.16"]
[White "Triantos, Konstantinos"]
[Black "Charkhalashvili, Inga"]
[Result "1/2-1/2"]
[ECO "B13"]
[WhiteElo "2210"]
[BlackElo "2276"]
[Annotator "NA RC"]
[PlyCount "79"]
[EventDate "2022.07.27"]
[EventType "swiss"]
[EventCountry "GRE"]
[SourceTitle "playchess.com"]
[Source "ChessBase"]
[SourceQuality "1"]
[TimeControl "40/5400+30:1800+30"]

1. e4 c6 2. d4 d5 3. exd5 cxd5 4. Bd3 Nc6 5. c3 Nf6 6. h3 g6 7. Nf3 Bf5 8. O-O {[%emt 0:02:24] 8.Be2 is the modern continuation.} Bxd3 9. Qxd3 Bg7 10. Na3 O-O 11. Bf4 a6 12. Nc2 {[%emt 0:00:16] [#]} Rc8 $146 ({Predecessor:} 12... e6 13. Ne3 Re8 14. Ng4 Ne4 15. Rfe1 Rc8 16. Re2 Bf8 17. Rae1 f6 18. h4 h5 {½-½ (53) Divya,D (2126)-Pershin,D (2400) Moscow 2019}) 13. Ne3 Qb6 14. Rab1 e6 15. Ng4 Ne4 16. Nge5 Rfd8 17. Nxc6 Qxc6 18. Ne5 Bxe5 19. Bxe5 Qc4 20. Qxc4 Rxc4 21. Rbd1 f6 $11 22. Bf4 b5 23. Rfe1 Kf7 24. f3 Nd6 25. Re2 Nc8 26. Bd2 Rc6 27. Kf2 Nb6 28. b3 a5 29. Ke3 Ra8 30. Kd3 a4 31. Ree1 Nc8 32. Rb1 axb3 33. axb3 Ra2 34. Ra1 Rca6 35. Rxa2 Rxa2 36. Rc1 Ne7 37. c4 bxc4+ 38. bxc4 dxc4+ 39. Rxc4 Nd5 40. Rc2 1/2-1/2